 Dungeon Crawl Stone Soup version 0.31-a0-431-g88bdf31460 (webtiles) character file.

Game seed: 5569426420438702231

17398 randomguy2701 the Cleaver (level 12, -2/108 HPs)
             Began as a Minotaur Fighter on July 31, 2023.
             Was a High Priest of Okawaru.
             Slain by a skeletal warrior
             ... wielding a +0 long sword
              (15 damage)
             ... on level 11 of the Dungeon.
             The game lasted 00:21:58 (13309 turns).

randomguy2701 the Cleaver (Minotaur Fighter)       Turns: 13309, Time: 00:21:58

Health: -2/108     AC: 18    Str: 27      XL:     12   Next: 18%
Magic:  15/15      EV:  8    Int:  5      God:    Okawaru [*****.]
Gold:   802        SH:  6    Dex: 13 (15) Spells: 11/11 levels left

rFire   + . .        K - +4 war axe (freeze)
rCold   . . .        c - +0 buckler
rNeg    . . .        R - +1 plate armour {rF+}
rPois   .            (helmet restricted)
rElec   .            (no cloak)
rCorr   .            E - +0 pair of gloves
SInv    .            (no boots)
Will    .....        (no amulet) Stlth
                     n - ring of flight
HPRegen 0.38/turn    C - +6 ring of strength
MPRegen 0.14/turn

%: no passive effects
@: flying
A: horns 2, retaliatory headbutt
a: Renounce Religion, Heroism, Finesse, Duel


You were on level 11 of the Dungeon.
You worshipped Okawaru.
Okawaru was extremely pleased with you.
You visited 2 branches of the dungeon, and saw 13 of its levels.

You collected 802 gold pieces.

Inventory:

Hand Weapons
 K - a +4 war axe of freezing (weapon)
 S - the +13 scythe of Curses {drain, curses, Drain}
   (You took it off an orc on level 11 of the Dungeon)

   Drain:     It drains your maximum health when unequipped.
Armour
 c - a +0 buckler (worn)
 E - a +0 pair of gloves (worn)
 Q - the +4 scale mail of the Big Bang {rF+}
   (You found it on level 11 of the Dungeon)

   rF:        It protects you from fire.
 R - a +1 plate armour of fire resistance (worn)
Jewellery
 n - a ring of flight (left hand)
 p - a ring of positive energy
 y - a ring of resist corrosion
 z - a ring of poison resistance
 C - a +6 ring of strength (right hand)
 I - a ring of protection from cold
 L - an amulet of magic regeneration
 M - an amulet of the acrobat
Wands
 x - a wand of iceblast (17)
 D - a wand of flame (12)
 G - a wand of mindburst (12)
 H - a wand of quicksilver (4)
Scrolls
 a - a scroll of noise {unknown}
 b - a scroll of blinking {unknown}
 f - 3 scrolls of fear {unknown}
 g - 3 scrolls of amnesia {unknown}
 h - 7 scrolls of teleportation {unknown}
 i - 2 scrolls of vulnerability {unknown}
 j - 2 scrolls of identify
 k - a scroll of fog {unknown}
 l - 4 scrolls of revelation {unknown}
 m - a scroll of enchant weapon
 s - a scroll of silence
 w - 2 scrolls of butterflies {unknown}
 B - a scroll of torment {unknown}
 J - 2 scrolls of immolation {unknown}
 N - 2 scrolls of poison {unknown}
 P - a scroll of acquirement {unknown}
Potions
 d - a potion of might
 e - 2 potions of haste
 o - 3 potions of brilliance
 q - a potion of resistance
 r - 2 potions of mutation
 t - a potion of berserk rage {unknown}
 u - 4 potions of lignification
 v - 2 potions of attraction
 A - 3 potions of degeneration
 F - 3 potions of curing
 O - a potion of magic {unknown}


   Skills:
 + Level 10.6 Fighting
 + Level 14.8 Axes
 + Level 12.5 Armour
 + Level 2.1 Dodging
 - Level 1.0 Stealth
 + Level 8.5 Shields
 * Level 5.8 Invocations


You had 11 spell levels left.
You didn't know any spells.
Your spell library contained the following spells:

 Spells                   Type           Power      Damage    Failure   Level
 Freeze                   Ice            0%         1d3       99%         1
 Blink                    Tloc           0%         N/A       100%        2
 Lesser Beckoning         Tloc           0%         N/A       100%        2
 Momentum Strike          Conj/Tloc      0%         3d8       100%        2
 Frozen Ramparts          Ice            0%         1d1       100%        3
 Hailstorm                Conj/Ice       0%         3d3       100%        3
 Leda's Liquefaction      Hex/Erth       0%         N/A       100%        4
 Passage of Golubria      Tloc           0%         N/A       100%        4
 Lee's Rapid Deconstruct  Erth           0%         3d4*      100%        5
 Yara's Violent Unravell  Hex/Tmut       0%         3d3       100%        5
 Leda's Unmaking          Conj/Erth      0%         9d1       100%        6
 Tukima's Dance           Hex            Unusable   N/A       N/A         3

Dungeon Overview and Level Annotations

Branches:
Dungeon (12/15)            Temple (1/1) D:6            Lair (0/5) D:8
    Orc (0/2) D:10

Altars:
Ashenzari
Cheibriados
Dithmenos
Elyvilon
Fedhas
Gozag
Hepliaklqana
Kikubaaqudgha
Makhleb
Nemelex Xobeh
Okawaru
Qazlal
Ru
Sif Muna
Trog
Uskayaw
Vehumet
Wu Jian
Xom
Yredelemnul
Zin
The Shining One

Annotations:
D:12 1 runed translucent door


Innate Abilities, Weirdness & Mutations

You have a pair of horns on your head.
You reflexively headbutt those who attack you in melee.


Message History

You fly upwards.
There is a stone staircase leading down here.
You hit the skeletal warrior but do no damage.
You slash the skeletal warrior! You freeze the skeletal warrior.
The skeletal warrior is lightly damaged.
The skeletal warrior hits you with a +0 long sword.
You slash the skeletal warrior! You freeze the skeletal warrior.
Your headbutt misses the skeletal warrior.
The skeletal warrior is moderately damaged.
The skeletal warrior hits you but does no damage.
You hit the skeletal warrior but do no damage.
The skeletal warrior is moderately damaged.
You closely miss the skeletal warrior.
The skeletal warrior is moderately damaged.
You block the skeletal warrior's attack.
You hit the skeletal warrior but do no damage.
The skeletal warrior is moderately damaged.
The skeletal warrior closely misses you.
You slash the skeletal warrior!
The skeletal warrior is heavily damaged.
The skeletal warrior hits you but does no damage.
You hit the skeletal warrior but do no damage.
The skeletal warrior is heavily damaged.
You barely miss the skeletal warrior.
Your headbutt misses the skeletal warrior.
The skeletal warrior is heavily damaged.
The skeletal warrior hits you with a +0 long sword.
* * * LOW HITPOINT WARNING * * *
You slash the skeletal warrior! You headbutt the skeletal warrior.
The skeletal warrior is severely damaged.
You block the skeletal warrior's attack.
You hit the skeletal warrior.
The skeletal warrior is severely damaged.
The skeletal warrior hits you with a +0 long sword!!
* * * LOW HITPOINT WARNING * * *
You hit the skeletal warrior.
Your headbutt misses the skeletal warrior.
The skeletal warrior is almost destroyed.
The skeletal warrior hits you with a +0 long sword!
You die...

#............<.[.##
#....[...........# ####
#................#
#..###................#
##....................#
##..#................##
#..##................#
#..###......#.........
###....@.....>..........
#.......z.......#.......
#.##.####.###.#.#....... ######
#.##.# #.############## .....#
#.##.# #.##...#.....#.. .....#
###.##.####.##(8.#.....#.. .....#
#............#†).#..#..#..
.....#####.#######.##'###..#..#.)
....................#......#.....


You could see a skeletal warrior.

Vanquished Creatures
  A hydra (D:11)
  4 two-headed ogres
  3 manticores (D:11)
  An ugly thing (D:11)
  3 cyclopes (D:11)
  2 gargoyles (D:11)
  An unseen horror (D:9)
  An efreet (D:11)
  2 komodo dragons
  3 trolls
  Prince Ribbit (D:8)
  4 wyverns (D:8)
  A vampire (D:11)
  2 shadows (D:10)
  Sigmund (D:2)
  A wraith (D:10)
  9 yaks
  3 steam dragons
  2 vampire mosquitoes
  An acid dragon (D:11)
  3 water moccasins
  Duvessa (D:5)
  3 black bears
  2 ice beasts
  12 orc warriors
  A sky beast (D:8)
  10 centaurs
  3 ogres
  2 kobold brigands
  2 phantoms (D:7)
  A gnoll sergeant (D:10)
  2 scorpions
  7 wights (D:8)
  Dowan (D:5)
  13 killer bees
  2 electric eels (D:10)
  4 howler monkeys
  A gnoll bouda (D:6)
  8 orc priests
  5 hounds
  3 jellies
  Jessica (D:3)
  Terence (D:2)
  2 iguanas
  17 orc wizards
  A sleepcap (D:7)
  15 gnolls
  7 adders
  3 shadow imps
  A white imp (D:5)
  An ufetubus (D:5)
  2 worms
  A dart slug (D:5)
  56 orcs
  4 bats
  8 endoplasms
  A giant cockroach (D:4)
  3 goblins
  8 hobgoblins
  2 quokkas (D:5)
  4 frilled lizards
  5 kobolds
  3 rats
278 creatures vanquished.

Notes
Turn   | Place    | Note
-------+----------+-------------------------------------------
     0 | D:1      | randomguy2701 the Minotaur Fighter began the quest for the
                  | Orb.
     0 | D:1      | Reached XP level 1. HP: 19/19 MP: 0/0
   321 | D:1      | Reached XP level 2. HP: 27/27 MP: 1/1
   917 | D:2      | Noticed Sigmund
   921 | D:2      | Killed Sigmund
   922 | D:2      | Reached skill level 4 in Axes
   922 | D:2      | Reached skill level 5 in Armour
   922 | D:2      | Reached XP level 3. HP: 22/34 MP: 2/2
   922 | D:2      | Reached XP level 4. HP: 27/41 MP: 3/3
   922 | D:2      | Reached XP level 5. HP: 31/47 MP: 4/4
  1053 | D:2      | Noticed Terence
  1071 | D:2      | Killed Terence
  1447 | D:3      | Noticed Jessica
  1450 | D:3      | Killed Jessica
  1524 | D:3      | Reached XP level 6. HP: 13/55 MP: 5/5
  1535 | D:3      | Reached skill level 5 in Axes
  1979 | D:3      | Reached skill level 5 in Fighting
  2745 | D:4      | Reached skill level 1 in Dodging
  2944 | D:4      | You are sucked into a shaft and drop 3 floors!
  2969 | D:7      | Reached XP level 7. HP: 58/61 MP: 6/6
  2995 | D:6      | Reached skill level 6 in Axes
  3009 | D:6      | Found a glowing silver altar of Zin.
  3020 | D:6      | Found a staircase to the Ecumenical Temple.
  3203 | Temple   | Entered the Ecumenical Temple
  3240 | Temple   | Became a worshipper of Warmaster Okawaru
  3314 | D:5      | Entered Level 5 of the Dungeon
  3326 | D:5      | Reached skill level 7 in Axes
  3497 | D:4      | Reached XP level 8. HP: 28/70 MP: 7/7
  3885 | D:5      | Reached * piety under Okawaru
  3952 | D:5      | Reached skill level 5 in Shields
  4001 | D:5      | Reached skill level 8 in Axes
  4346 | D:5      | Noticed Dowan
  4346 | D:5      | Noticed Duvessa
  4355 | D:5      | Killed Duvessa
  4355 | D:5      | Reached ** piety under Okawaru
  4366 | D:5      | Killed Dowan
  4367 | D:5      | Reached skill level 9 in Axes
  4675 | D:5      | Found a hide-covered altar of Uskayaw.
  5197 | D:6      | Reached XP level 9. HP: 36/78 MP: 8/8
  5361 | D:6      | Found a stormy altar of Qazlal.
  6070 | D:7      | Reached skill level 10 in Axes
  6208 | D:7      | Found a glowing golden altar of the Shining One.
  6370 | D:7      | Reached *** piety under Okawaru
  6874 | D:8      | Noticed a two-headed ogre
  7217 | D:8      | Reached skill level 11 in Axes
  7370 | D:8      | Reached XP level 10. HP: 24/88 MP: 6/9
  7374 | D:8      | Reached **** piety under Okawaru
  7594 | D:8      | Reached skill level 10 in Armour
  7810 | D:8      | Found a staircase to the Lair.
  7876 | D:8      | Reached skill level 1 in Invocations
  7987 | D:8      | Killed a two-headed ogre
  8026 | D:8      | Reached skill level 12 in Axes
  8348 | D:8      | Reached ***** piety under Okawaru
  8547 | D:8      | Noticed Prince Ribbit
  8559 | D:8      | Killed Prince Ribbit
  9106 | D:9      | Noticed a two-headed ogre
  9116 | D:9      | Killed a two-headed ogre
  9132 | D:9      | Reached XP level 11. HP: 77/97 MP: 12/12
  9158 | D:9      | Received a gift from Okawaru
  9358 | D:9      | Reached skill level 13 in Axes
  9589 | D:9      | Reached skill level 1 in Stealth
 10131 | D:10     | Entered Level 10 of the Dungeon
 10136 | D:10     | Noticed a two-headed ogre
 10143 | D:10     | Killed a two-headed ogre
 10761 | D:10     | Found a shimmering altar of Xom.
 11014 | D:10     | Found a staircase to the Orcish Mines.
 11152 | D:10     | Found a blossoming altar of Fedhas.
 11152 | D:10     | Found a bloodstained altar of Trog.
 11160 | D:10     | Found an ornate altar of the Wu Jian Council.
 11176 | D:10     | Found a burning altar of Makhleb.
 11178 | D:10     | Found a basalt altar of Yredelemnul.
 11482 | D:11     | Identified the +4 scale mail of the Big Bang {rF+}
 11566 | D:11     | Received a gift from Okawaru
 11567 | D:11     | Reached skill level 10 in Fighting
 11881 | D:11     | Found a sparkling altar of Nemelex Xobeh.
 12020 | D:11     | Noticed an eight-headed hydra
 12067 | D:11     | Noticed a cyan ugly thing
 12077 | D:11     | Noticed a two-headed ogre
 12094 | D:11     | Killed a two-headed ogre
 12095 | D:11     | Reached skill level 14 in Axes
 12488 | D:11     | Killed a cyan ugly thing
 12489 | D:11     | Reached skill level 5 in Invocations
 12849 | D:11     | Reached XP level 12. HP: 85/107 MP: 12/15
 12974 | D:11     | Killed a 12-headed hydra
 13264 | D:12     | Found a runed translucent door.
 13264 | D:12     | Noticed a five-headed hydra
 13309 | D:11     | Slain by a skeletal warrior

Illustrated notes

Levels and vault maps discovered:
D:1:      scummos_arrival_checkerplants, layout_basic,
          chequers_serial_rivers_micro_c
D:2:      layout_rooms, uniq_terence, uniq_sigmund
D:3:      layout_loops_ring, uniq_jessica
D:4:      layout_loops_ring, item_on_display_a
D:5:      layout_basic, kennysheep_mini, serial_curves, eino_curves_04,
          eino_curves_02, uniq_duvessa
D:6:      layout_cave_pods, mainiacjoe_overflow_six_doors_small,
          nicolae_qazlal_style_of_elements, temple_pool_b,
          amcnicky_mini_pool_small, minivault_22, chequers_hall_statues_wall_a
D:7:      layout_basic, mainiacjoe_overflow_24_doors, chequers_decorated_corner,
          palyth_stone_intersect, solitary_fountain
D:8:      layout_loops_ring, erik_lair_dragon, minmay_alternating_orb,
          uniq_prince_ribbit1
D:9:      layout_irregular_city
D:10:     layout_loops_ring, xom_teletrap_fun,
          chequers_temple_overflow_minitemple, erik_orc_2
D:11:     kennysheep_windowed_halls, layout_rooms, nemelex_lonely_heart_becter
D:12:     minmay_expanding_circles, layout_long_grid
Temple:   minmay_temple_forest_path

Skill      XL: |  1  2  3  4  5  6  7  8  9 10 11 |
---------------+----------------------------------+-----
Armour         | 5 6 7 8 9 11 12 | 12.5
Fighting       | 4 5 6 7 9 10 | 10.6
Axes           | 4 5 7 9 11 12 14 | 14.8
Shields        | 4 5 6 7 8 |  8.5
Dodging        | 1 2 |  2.1
Invocations    | 3 5 |  5.8
Stealth        | 1 |  1.0

Action                     |  1- 3 |  4- 6 |  7- 9 | 10-12 || total
---------------------------+-------+-------+-------+-------++-------
  Melee: War axe           |    41 |   132 |   290 |   365 ||   828
         Headbutt          |     7 |    24 |    60 |    83 ||   174
 Invoke: Heroism           |       |       |     1 |    10 ||    11
         Finesse           |       |       |       |     1 ||     1
    Use: Scroll            |       |       |    10 |       ||    10
         Potion            |       |       |       |     1 ||     1
 Armour: Scale mail        |    13 |    35 |       |       ||    48
         Plate armour      |       |    28 |   220 |   162 ||   410
  Dodge: Dodged            |    18 |    46 |   110 |   129 ||   303
  Block: Buckler           |    10 |    29 |    76 |   118 ||   233

Table legend: (Time is in decaauts)
 A = Elapsed time spent in this place.
 B = Non-inter-level travel time spent in this place.
 C = Inter-level travel time spent in this place.
 D = Time resting spent in this place.
 E = Time spent auto-exploring this place.
 F = Levels seen in this place.
 G = Mean time per level.
                   A        B        C        D        E       F      G
               +--------+--------+--------+--------+--------+-----+--------+
         Total |  13337 |  12100 |   1237 |    772 |   9294 |  13 | 1025.9 |
       Dungeon |  13262 |  12098 |   1164 |    772 |   9294 |  12 | 1105.2 |
        Temple |     74 |      1 |     73 |      0 |      0 |   1 |   74.0 |
               +--------+--------+--------+--------+--------+-----+--------+

Top non-repeatable levels by time:
     D:8: 1953 daAuts
    D:11: 1667 daAuts
     D:6: 1478 daAuts
    D:10: 1397 daAuts
     D:5: 1132 daAuts
     D:4: 1078 daAuts
     D:7: 1077 daAuts
     D:3: 1016 daAuts
     D:1: 876 daAuts
     D:9: 818 daAuts
     D:2: 684 daAuts
    D:12: 80 daAuts
  Temple: 74 daAuts
